Map: Moebius Facility XX-1

Players

Gracz

  • Race: Terran Terran

HAJPER

  • Race: Terran Terran

Flipstream - Winner!

  • Race: Terran Terran

MasterofWar - Winner!

  • Race: Terran Terran

VOD

Have the link to the VOD?

Description

Time

  • Played on: May 4, 2016, 2:03 p.m.
  • Length: 16:36
Show
View Real Time Build Order
Export as new Build Order

Gracz Terran 

Build Orders:  

Get SALT Encoding   

  12  0:07  SCV  
  12  6:41  SCV  
  13  7:55  Refinery  
  13  7:57  Refinery  
  13  8:09  SCV  
  14  8:42  Supply Depot  
  14  9:15  Barracks  
  14  9:28  Barracks  
  14  9:31  Barracks  
  14  9:35  Supply Depot  
  14  9:38  SCV  
  15  9:51  SCV  
  16  10:04  Marine  
  17  10:17  Marine  
Show
View Real Time Build Order
Export as new Build Order

HAJPER Terran 

Build Orders:  

Get SALT Encoding   

  12  0:25  SCV  
  13  1:35  SCV  
  13  2:15  SCV  
  14  3:47  Supply Depot  
  14  3:52  SCV  
  15  4:08  SCV  
  16  4:17  Barracks  
  14  5:08  Marine  
  7  5:47  Supply Depot  
  7  6:10  Barracks  
  6  6:37  Supply Depot  
  6  6:43  SCV  
  6  6:55  SCV  
  6  6:56  Supply Depot  
  7  7:34  Barracks  
  7  8:20  Barracks  
  7  8:23  Barracks  
  1  9:03  Supply Depot  
Show
View Real Time Build Order
Export as new Build Order

Flipstream Terran - Winner!

Build Orders:  

Get SALT Encoding   

  12  0:02  SCV  
  13  0:14  SCV  
  14  0:29  Supply Depot  
  14  0:31  SCV  
  15  0:37  Refinery  
  15  0:52  Barracks  
  15  0:54  SCV  
  16  1:06  SCV  
  16  1:08  Refinery  
  17  1:18  SCV  
  17  1:28  Supply Depot  
  17  1:30  SCV  
  18  1:51  SCV  
  19  1:59  Barracks  
  19  2:03  SCV  
  20  2:15  SCV  
  21  2:27  SCV  
  22  2:48  Marine  
  22  3:06  Marine  
  22  3:24  Marine  
  22  3:41  Marine  
  23  3:59  Bunker  
  23  4:10  Supply Depot  
  23  4:14  Supply Depot  
  23  4:25  Marine  
  24  4:36  Bunker  
  24  4:42  Orbital Command  
  24  4:43  Marine  
  25  4:48  Supply Depot  
  25  5:07  Factory  
  25  5:14  Engineering Bay  
  25  5:15  Marine  
  26  5:33  Marine  
  27  5:41  SCV  
  28  5:46  Supply Depot  
  28  5:51  Marine  
  28  5:53  SCV  
  30  6:04  Missile Turret  
  30  6:05  SCV  
  30  6:10  Supply Depot  
  31  6:17  SCV  
  32  6:25  Missile Turret  
  32  6:33  Supply Depot  
  32  6:38  Factory Tech Lab  
  32  6:42  Barracks Reactor  
  32  6:49  Missile Turret  
  32  6:56  Supply Depot  
  32  7:02  Command Center  
  32  7:23  Sensor Tower  
  32  7:25  SCV  
  33  7:47  Sensor Tower  
  33  7:48  Marine x2  
  35  7:52  Siege Tank  
  38  8:03  Missile Turret  
  38  8:06  Marine x2  
  40  8:16  SCV  
  41  8:22  Supply Depot  
  41  8:24  Marine x2, Siege Tank  
  46  8:28  SCV  
  47  8:41  SCV  
  48  8:42  Marine x2  
  48  8:47  Sensor Tower  
  50  8:53  SCV  
  51  8:56  Siege Tank  
  54  9:05  SCV  
  55  9:27  Sensor Tower  
  55  9:38  Siege Tank  
  58  9:49  Marine x2  
  60  10:00  Starport  
  60  10:02  SCV  
  61  10:07  Marine x2  
  61  10:10  Siege Tank  
  61  10:12  Missile Turret  
  66  10:14  SCV  
  67  10:25  Marine x2  
  67  10:26  SCV  
  70  10:38  SCV  
  71  10:42  Marine x2  
  73  10:50  SCV  
  74  11:02  Siege Tank  
  77  11:05  Marine x2  
  79  11:12  Refinery  
  79  11:15  Refinery  
  79  11:22  Marine x2  
  81  11:34  Siege Tank  
  84  11:40  Marine x2  
  86  11:58  Marine x2  
  88  12:08  Starport Tech Lab  
  88  12:12  Starport  
  88  12:16  Marine x2  
  90  12:34  Marine x2  
  92  12:37  Missile Turret  
  92  12:52  Marine x2  
  94  12:58  Missile Turret  
  94  13:12  Command Center  
  94  13:14  Orbital Command  
  94  13:18  Command Center  
  94  13:19  Missile Turret  
  94  13:55  Siege Tank  
  94  14:00  Raven  
  99  14:03  Starport Reactor  
  99  14:12  Command Center  
  99  14:27  Sensor Tower  
  99  14:28  Siege Tank  
  102  14:40  Viking x2  
  102  14:42  Raven  
  108  15:01  Planetary Fortress  
  108  15:08  Missile Turret  
  108  15:10  Viking x2  
  112  15:18  Missile Turret  
  112  15:20  Planetary Fortress  
  112  15:25  Raven  
  114  15:30  Missile Turret  
  114  15:31  Supply Depot  
  114  15:38  Missile Turret  
  114  15:40  Viking x2  
  118  15:50  Missile Turret  
  118  15:54  Supply Depot  
  118  16:00  Missile Turret  
  118  16:01  Refinery  
  118  16:03  SCV  
  123  16:15  SCV  
  123  16:16  Supply Depot  
Show
View Real Time Build Order
Export as new Build Order

MasterofWar Terran - Winner!

Build Orders:  

Get SALT Encoding   

  12  0:01  SCV  
  13  0:13  SCV  
  14  0:23  Supply Depot  
  14  0:25  SCV  
  15  0:45  SCV  
  15  0:49  Barracks  
  16  0:54  Refinery  
  16  0:57  Refinery, SCV  
  17  1:27  Barracks  
  17  1:29  SCV  
  18  1:40  Barracks  
  18  1:41  SCV  
  19  1:48  Supply Depot  
  19  1:59  Supply Depot  
  15  2:25  Barracks  
  15  2:29  Supply Depot  
  14  3:00  Supply Depot  
  14  3:12  Marine  
  15  3:24  Refinery  
  15  3:30  Marine  
  16  3:48  Marine  
  17  4:06  Marine  
  17  4:07  Barracks  
  18  4:15  SCV  
  19  4:24  Marine  
  20  4:25  Supply Depot  
  20  4:28  SCV  
  21  4:41  SCV  
  22  4:57  Supply Depot  
  22  4:58  SCV  
  22  5:20  Marine  
  23  5:23  Supply Depot  
  23  5:38  Marine  
  24  5:43  SCV  
  25  5:50  Refinery  
  25  5:55  SCV  
  25  5:56  Marine  
  27  6:08  SCV  
  28  6:14  Marine  
  29  6:24  Marine  
  30  6:31  Marine  
  31  6:41  Marine  
  32  6:49  Marine  
  33  6:59  Marine, Orbital Command  
  34  7:07  Marine  
  35  7:17  Marine  
  35  7:18  Bunker  
  36  7:25  Marine  
  37  7:33  Barracks  
  37  7:35  Marine  
  38  7:50  Bunker  
  38  7:59  Barracks Reactor  
  38  8:07  Barracks Tech Lab  
  38  8:21  Bunker  
  38  8:57  Marine  
  38  9:00  Supply Depot  
  38  9:02  Marine, SCV  
  43  9:03  Marauder  
  43  9:14  SCV  
  46  9:24  Marauder  
  46  9:26  SCV  
  47  9:32  Marine x2  
  47  9:35  Barracks Tech Lab  
  49  9:38  Supply Depot  
  51  9:45  Marauder  
  51  9:49  Marine  
  51  9:50  Marine  
  51  9:51  Command Center  
  55  10:07  Marine x2, Marauder  
  57  10:17  Marauder  
  57  10:19  Combat Shields  
  57  10:20  Concussive Shells  
  59  10:25  Marine x2  
  63  10:28  Marauder  
  62  10:38  Marauder  
  66  10:50  Marauder  
  66  11:09  Supply Depot  
  66  11:10  SCV  
  67  11:24  Marine x2, Marauder  
  67  11:25  Marauder  
  73  11:42  Marine x2  
  73  11:44  Stimpack  
  73  11:46  Marauder x2  
  79  11:53  Engineering Bay  
  79  12:07  Marine x2  
  83  12:08  Marauder  
  83  12:09  Marauder  
  85  12:27  Marine x2  
  89  12:30  Terran Infantry Weapons Level 1, Marauder x2  
  89  12:34  Engineering Bay  
  91  12:37  SCV  
  91  12:42  SCV  
  93  12:54  SCV  
  94  13:01  Terran Infantry Armor Level 1  
  94  13:16  SCV  
  95  13:21  Marine  
  95  13:22  Marine  
  95  13:23  Marauder x2  
  101  13:28  SCV  
  102  13:43  Factory  
  102  13:50  SCV x2  
  104  14:02  SCV  
  105  14:14  Supply Depot, SCV  
  105  14:16  SCV  
  107  14:19  Refinery  
  107  14:22  Refinery  
  107  14:23  Building Armor  
  107  14:29  Starport, Factory Tech Lab  
  107  14:37  Supply Depot  
  107  14:55  Neosteel Frame  
  107  14:57  Command Center  
  107  14:59  Supply Depot  
  107  15:05  Sensor Tower  
  107  15:09  Starport Reactor  
  107  15:12  Starport  
  107  15:22  Supply Depot  
  107  15:43  Sensor Tower  
  107  15:51  Armory  
  107  15:54  Starport Reactor  
  107  15:55  Viking x2  
  111  16:07  Supply Depot  
Tags
 
Add a new tag
Caveats
  • Supply blocks, unpowered buildings, or Contaminate may cause inaccurate times.
  • Supply counts are checked every 10 seconds.